 Dungeon Crawl Stone Soup version 0.31-a0-234-gad7ace16ef (webtiles) character file.

Game seed: 7277325807717436034

53 qw the Shooter (level 3, -11/29 HPs)
             Began as a Minotaur Hexslinger on July 9, 2023.
             Mangled by an ice beast (14 damage)
             ... on level 2 of the Dungeon.
             The game lasted 00:00:26 (1340 turns).

qw the Shooter (Minotaur Hexslinger)                Turns: 1340, Time: 00:00:26

Health: -11/29     AC:  5    Str: 12    XL:     3   Next: 64%
Magic:  3/3        EV: 11    Int: 10    God:
Gold:   40         SH:  0    Dex: 14    Spells: 3/4 levels left

rFire   . . .        Y - +1 sling
rCold   . . .        (no shield)
rNeg    . . .        f - +0 ring mail
rPois   .            (helmet restricted)
rElec   .            (no cloak)
rCorr   .            (no gloves)
SInv    .            (no boots)
Will    .....        (no amulet)
Stlth   +            (no ring)
HPRegen 0.24/turn    (no ring)
MPRegen 0.08/turn

%: no passive effects
@: no status effects
A: horns 2, retaliatory headbutt
a: no special abilities


You were on level 2 of the Dungeon.
You visited 1 branch of the dungeon, and saw 3 of its levels.

You collected 105 gold pieces.
You spent 65 gold pieces at shops.


Innate Abilities, Weirdness & Mutations

You have a pair of horns on your head.
You reflexively headbutt those who attack you in melee.


   Skills:
 - Level 2.0 Fighting
 - Level 4.2 Ranged Weapons
 + Level 0.0 Armour
 - Level 2.1 Dodging
 - Level 1.0 Spellcasting
 - Level 2.0 Hexes


You had 3 spell levels left.
You knew the following spells:

 Your Spells              Type           Power      Damage    Failure   Level
a - Slow                  Hex            16%        N/A       34%         1

Your spell library contained the following spells:

 Spells                   Type           Power      Damage    Failure   Level
 Inner Flame              Hex/Fire       2%         N/A       83%         3
 Portal Projectile        Hex/Tloc       4%         N/A       83%         3
 Cause Fear               Hex            2%         N/A       98%         4

Inventory:

Hand Weapons
 Y - a +1 sling (weapon)
Armour
 f - a +0 ring mail (worn)
Scrolls
 g - a scroll of identify
Potions
 d - a potion of might
 h - a potion of mutation {unknown}
 i - 3 potions of curing

Dungeon Overview and Level Annotations

Branches:
Dungeon (3/15)

Altars:
Nemelex Xobeh

Shops:
D:2 *

Annotations:
D:3 Robin


Message History

You shoot a sling bullet.
The sling bullet closely misses the ice beast.
Robin shouts!
You hear a shout!
A goblin comes into view. It is wielding a +0 club.
The ice beast barely misses you. The gnoll hits you with a +0 whip!
A goblin comes into view. It is wielding a +0 dagger.
The gnoll hits you with a +0 whip.
Robin says, "Kneel, worm!"
Robin throws the goblin at you! The ice beast hits you.
The ice beast freezes you.
A gnoll comes into view. It is wielding a +0 spear.
A goblin comes into view. It is wielding a +0 club.
You hear a shout!
The goblin shouts!
The gnoll shouts!
1336 ||| STAIRDANCE You hear a shout!
The ice beast hits you but does no damage.
The gnoll hits you with a +0 whip. Robin throws the goblin at you!
The goblin hits you but does no damage.
You climb upwards.
There is a stone staircase leading down here.
Enter note:
Enter note:
Enter note:
Enter note:
Enter note:
Enter note: You shoot a sling bullet.
The sling bullet barely misses the ice beast.
The ice beast barely misses you. You furiously retaliate!
You headbutt the ice beast. The gnoll hits you with a +0 whip.
You shoot a sling bullet. The sling bullet hits the ice beast.
The ice beast is moderately wounded.
The ice beast closely misses you. The gnoll closely misses you.
You shoot a sling bullet.
The sling bullet barely misses the ice beast.
The ice beast hits you but does no damage.
The gnoll hits you with a +0 whip. The ice beast hits you.
The ice beast freezes you!
You die...

#.# #.# #.#.# #)#
#.# #.#.# #.# #.#
#.#.# #.# #.#
#.#.# #.# #.#
#.#.# #.## #.#
#.#.# ...# #.#
#.#.# ##.# #g#
#.#.# ##.# #@#
#.#.# ...# #Y#
#.#.######### ####
#.# #.#..........
#.####.##########.
#......# #. ####
#.###### #. ...#
#.# #. ##.# #.# #.
#.# #.# #.


You could see an ice beast and a gnoll.

Vanquished Creatures
  A gnoll (D:1)
  An adder (D:2)
  A dart slug (D:1)
  An endoplasm (D:1)
  3 goblins
  3 hobgoblins
  4 jackals (D:2)
  4 kobolds
  A quokka (D:1)
  4 ball pythons
  3 bats (D:1)
  5 rats
31 creatures vanquished.

Notes
Turn   | Place    | Note
-------+----------+-------------------------------------------
     0 | D:1      | qw the Minotaur Hexslinger began the quest for the Orb.
     0 | D:1      | Reached XP level 1. HP: 16/16 MP: 1/1
     0 | D:1      | 0 ||| qw: Version: 0.3-a-51-g015441d
     0 | D:1      | 0 ||| qw: Game counter: 4163
     0 | D:1      | 0 ||| qw: Melee chars always use a shield: true
     0 | D:1      | 0 ||| qw: God list: Okawaru
     0 | D:1      | 0 ||| qw: Allow faded altars: false
     0 | D:1      | 0 ||| qw: Do Orc after clearing Dungeon:15 true
     0 | D:1      | 0 ||| qw: Do second Lair branch before Depths: true
     0 | D:1      | 0 ||| qw: Lair rune preference: random
     0 | D:1      | 0 ||| qw: Goals: Normal
     0 | D:1      | 0 ||| PLANNING D:1-11
   202 | D:1      | Reached skill level 3 in Ranged Weapons
   202 | D:1      | Reached XP level 2. HP: 17/23 MP: 2/2
   678 | D:1      | Reached XP level 3. HP: 29/29 MP: 3/3
   710 | D:1      | 710 ||| UPGRADING to +0 leather armour.
   720 | D:1      | 720 ||| DROPPING +0 robe.
   721 | D:1      | 721 ||| READING scroll labelled WUEBOCIMNI.
   722 | D:1      | 722 ||| READING scroll labelled RUOGO WOUL.
   723 | D:1      | 723 ||| READING 2 scrolls labelled NIMIS UBUUNWE.
   724 | D:1      | 724 ||| DROPPING scroll of poison.
   753 | D:2      | Found a sparkling altar of Nemelex Xobeh.
   931 | D:2      | Found Waawevio's General Store.
   939 | D:2      | Reached skill level 4 in Ranged Weapons
   950 | D:2      | 950 ||| BUYING potion of curing (39 gold).
   950 | D:2      | Bought a potion of curing for 39 gold pieces
   950 | D:2      | 950 ||| SHOPLISTING potion of heal wounds (65 gold, have
                  | 51).
   950 | D:2      | 950 ||| BUYING scroll of identify (26 gold).
   950 | D:2      | Bought a scroll of identify for 26 gold pieces
  1265 | D:2      | 1265 ||| UPGRADING to +0 ring mail.
  1275 | D:2      | 1275 ||| DROPPING +0 leather armour.
  1276 | D:2      | 1276 ||| DROPPING amulet of magic regeneration.
  1277 | D:2      | 1277 ||| READING 2 scrolls labelled YMO ELICASU.
  1278 | D:2      | 1278 ||| READING 3 scrolls labelled MOLOQU ABREP.
  1279 | D:2      | 1279 ||| READING 3 scrolls of identify.
  1279 | D:2      | 1279 ||| IDENTIFYING glowing orange potion
  1280 | D:2      | 1280 ||| READING 2 scrolls of identify.
  1280 | D:2      | 1280 ||| IDENTIFYING fuming pink potion
  1281 | D:2      | 1281 ||| DROPPING scroll of blinking.
  1282 | D:2      | 1282 ||| DROPPING 2 scrolls of fog.
  1283 | D:2      | 1283 ||| DROPPING potion of brilliance.
  1331 | D:3      | Noticed an ice beast
  1334 | D:3      | Noticed Robin
  1336 | D:3      | 1336 ||| STAIRDANCE
  1338 | D:2      | HP: 6/29 [gnoll/+0 whip (5)]
  1340 | D:2      | Mangled by an ice beast

Levels and vault maps discovered:
D:1:      dpeg_arrival_radiant, layout_loops_ring
D:2:      layout_loops_ring, basic_altar, serial_shops,
          nicolae_shop_hallway_plus
D:3:      layout_basic, mainiacjoe_overflow_surrounded_room,
          chequers_serial_rivers_small_a, uniq_crazy_yiuf_cottage, uniq_robin,
          uniq_natasha, uniq_jessica

Skill      XL: |  1  2  3 |
---------------+----------+-----
Ranged Weapons | 3 4 |  4.2
Fighting       | 2 |  2.0
Dodging        | |  2.1
Spellcasting   | |  1.0
Hexes          | |  2.0

Action                     || total
---------------------------++-------
   Fire: Sling             ||    78
    Use: Scroll            ||     7
 Armour: Robe              ||     4
         Leather armour    ||     8
         Ring mail         ||     5
  Dodge: Dodged            ||    39

Table legend:
 A = Non-vault XP
 B = Vault XP
 C = Vault XP percentage of total XP
 D = Non-vault monster count
 E = Vault monster count
 F = Vault count percentage of total count
                 A         B        C        D         E       F
            +---------+---------+-------+---------+---------+-------
      Total |      77 |       0 |   0.0 |      31 |       0 |   0.0
            +---------+---------+-------+---------+---------+-------
        D:1 |      42 |       0 |   0.0 |      18 |       0 |   0.0
        D:2 |      35 |       0 |   0.0 |      13 |       0 |   0.0
            +---------+---------+-------+---------+---------+-------
